 Dungeon Crawl Stone Soup version 0.29-a0-668-g12ee2bf84d (webtiles) character file.

Game seed: 16822664541673178682

29 Sabo the Skirmisher (level 3, 33/33 HPs)
             Began as a Hill Orc Fighter on June 23, 2022.
             Was a Follower of Kikubaaqudgha.
             Got out of the dungeon alive.
             The game lasted 00:02:58 (708 turns).

Sabo the Skirmisher (Hill Orc Fighter)               Turns: 708, Time: 00:02:58

Health: 33/33      AC: 10    Str: 20    XL:     3   Next: 16%
Magic:  3/3        EV:  9    Int:  8    God:    Kikubaaqudgha [*.....]
Gold:   53         SH:  4    Dex: 10    Spells: 2/2 levels left

rFire   . . .      SeeInvis .   a - +0 war axe
rCold   . . .      Faith    .   c - +0 buckler
rNeg    . . .      Spirit   .   b - +0 scale mail
rPois   .          Reflect  .   (no helmet)
rElec   .          Harm     .   (no cloak)
rCorr   .          Rampage  .   (no gloves)
Will    .....                   e - +2 pair of boots
Stlth   ..........              (no amulet)
HPRegen 0.11/turn               (no ring)
MPRegen 0.08/turn               (no ring)

@: no status effects
A: no striking features
a: Renounce Religion, Unearth Wretches


You escaped.
You worshipped Kikubaaqudgha.
Kikubaaqudgha was aware of your devotion.
You visited 1 branch of the dungeon, and saw 1 of its levels.

You collected 53 gold pieces.

Inventory:

Hand Weapons
 a - a +0 war axe (weapon)
Armour
 b - a +0 scale mail (worn)
 c - a +0 buckler (worn)
 e - a +2 pair of boots (worn)
Scrolls
 g - a scroll of immolation {unknown}
 h - a scroll of vulnerability {unknown}
Potions
 d - a potion of might
 f - a potion of magic {unknown}
 i - a potion of experience {unknown}
 j - a potion of curing {unknown}


   Skills:
 + Level 4.0 Fighting
 + Level 3.2 Axes
 + Level 3.7 Armour
 + Level 3.6 Shields


You had 2 spell levels left.
You didn't know any spells.
Your spell library contained the following spells:

 Spells                   Type           Power      Damage    Failure   Level
 Necrotize                Necr           0%         1d4       85%         1
 Sublimation of Blood     Necr           0%         N/A       94%         2
 Vampiric Draining        Necr           0%         2d6       99%         3
 Animate Dead             Necr           0%         N/A       100%        4


Dungeon Overview and Level Annotations

Branches:
Dungeon (1/15)

Altars:
Kikubaaqudgha


Message History

You slash the hobgoblin!
You kill the hobgoblin!
You see here a hobgoblin corpse.
You enter the shallow water.
Moving in this stuff is going to be slow.
A spectral hobgoblin comes into view.
Found a faded altar of an unknown god.
Your unstable footing causes you to fumble your attack.
The spectral hobgoblin hits you but does no damage.
Your unstable footing causes you to fumble your attack.
The spectral hobgoblin barely misses you.
The spectral hobgoblin hits you.
Your unstable footing causes you to fumble your attack.
The spectral hobgoblin hits you but does no damage.
Your unstable footing causes you to fumble your attack.
The spectral hobgoblin hits you but does no damage. x2
Your unstable footing causes you to fumble your attack.
The spectral hobgoblin closely misses you.
You slash the spectral hobgoblin!
You destroy the spectral hobgoblin!
Found a pair of boots.
You open the gate.
There is an open gate here.
You enter the shallow water.
Moving in this stuff is going to be slow.
There is a faded altar of an unknown god here.
You cannot tell which god this altar belongs to.
Convert to them anyway?
Kikubaaqudgha accepts your prayer! Kikubaaqudgha welcomes you!
You can now bring forth the wretched and dying.
Kikubaaqudgha grants you a gift!
You add the spells Necrotize, Sublimation of Blood, Vampiric Draining and Animate Dead to your library.
You enter the shallow water.
Moving in this stuff is going to be slow.
You see here a hobgoblin corpse.
You enter the shallow water.
Moving in this stuff is going to be slow.
There is a staircase leading out of the dungeon here.
Are you sure you want to leave the Dungeon?
This will make you lose the game!
You have escaped!

#####..#>.................#
..#..#..################.#
##... #.####.......## #.#
##..####.###.........## #.#
.#.......##...........## #.#
...####..#.............###.#
...# ##.......≈≈≈......##.#
..## #......≈...≈.....##.#
..## #......≈.@.≈......#.#
..)#####......≈...≈........#
...............≈≈≈......##.#
....######.............###.#
....### ##...........## #.#
......# ##.........## #.#
..###.### ##.......## #.#
...##...############## #.#
...####...).########.#####.#


There were no monsters in sight!

Vanquished Creatures
  A gnoll (D:1)
  A dart slug (D:1)
  A bat (D:1)
  3 endoplasms (D:1)
  A giant cockroach (D:1)
  A goblin (D:1)
  A hobgoblin (D:1)
  3 kobolds (D:1)
  A quokka (D:1)
  2 rats (D:1)
  A spectral hobgoblin (D:1)
16 creatures vanquished.

Notes
Turn   | Place    | Note
-------+----------+-------------------------------------------
     0 | D:1      | Sabo the Hill Orc Fighter began the quest for the Orb.
     0 | D:1      | Reached XP level 1. HP: 19/19 MP: 1/1
   154 | D:1      | Reached XP level 2. HP: 27/27 MP: 2/2
   363 | D:1      | Reached skill level 4 in Fighting
   363 | D:1      | Reached XP level 3. HP: 20/33 MP: 3/3
   625 | D:1      | Found a faded altar of an unknown god.
   650 | D:1      | Prayed at the altar of an unknown god.
   650 | D:1      | Became a worshipper of Kikubaaqudgha
   650 | D:1      | Reached * piety under Kikubaaqudgha
   650 | D:1      | Received a gift from Kikubaaqudgha
   708 | D:$      | Got out of the dungeon alive.

Illustrated notes

Levels and vault maps discovered:
D:1:      enne_arrival_octagon_isle, layout_rooms,
          dreamdust_ecumenical_altar_drowned_temple,
          chequers_serial_rivers_large_b

Skill      XL: |  1  2 |
---------------+-------+-----
Axes           | 3 |  3.2
Fighting       | 4 |  4.0
Armour         | |  3.7
Shields        | |  3.6

Action                   || total
-------------------------++-------
Melee: War axe           ||    35
Armor: Scale mail        ||    17
Dodge: Dodged            ||    16
Block: Buckler           ||     5

Table legend: (Time is in decaauts)
 A = Elapsed time spent in this place.
 B = Non-inter-level travel time spent in this place.
 C = Inter-level travel time spent in this place.
 D = Time resting spent in this place.
 E = Time spent auto-exploring this place.
 F = Levels seen in this place.
 G = Mean time per level.
                   A        B        C        D        E       F      G
               +--------+--------+--------+--------+--------+-----+--------+
         Total |    761 |    761 |      0 |    163 |      0 |   1 |  761.0 |
       Dungeon |    761 |    761 |      0 |    163 |      0 |   1 |  761.0 |
               +--------+--------+--------+--------+--------+-----+--------+

Top non-repeatable levels by time:
     D:1: 761 daAuts
